Unix NetHack Version 5.0.0-0 post-release - last build Jun 10 2026 00:39:30 (3ee93aec679c4c4259841fe613dc97188e26a321,branch:main).

Game began 2026-06-29 18:13:13, ended 2026-06-29 18:49:54.

Ch3Begorrah, chaotic male human Rogue

     ---------
     .^^....^.#                            #################
    |.^.^....|##                           #   ------------#
    |^..^...%| #                               |..........|#       -----
    |......^.| #                --------     ##...........|#      #....|
     -------|- ###           ###.......|     % |..........|#  #####|...|
            #    ##         0#  |....%.|## ####-..........|####    |...|
            #     #   ##########.......| ##### |...........########.f.@|
            #     #######   #   |.)>....##     |..........|        -----
            #     0#----|---#   |......|       ------------
            #   ####..`....-#   --------
            #   #  #|..<...|
         ---.-- #  #-......|
         |....|##   --------
         |....| #
         |....| #
         |....-##
         |....|
         ------

Ch3Begorrah the Rogue   St:17 Dx:17 Co:13 In:11 Wi:13 Ch:11  Chaotic
Dlvl:10 $:222 HP:51(54) Pw:39(39) AC:-4 Xp:7 T:3301 

Latest messages:
 You read: "E  ? ? r".
 Something is written here in the dust.
 You read: "_|bc?c".
 You see here an elf corpse.
 You see here a +0 dagger.
 You see here a +0 dagger.
 g - a +0 dagger (at the ready) (12 in total).
 You see here an ettin corpse.
 You hit the quivering blob.
 You hit the quivering blob.
 You hit the quivering blob!
 You kill the quivering blob!
 There is a doorway here.
 You see here a quivering blob corpse.
 There is a doorway here.
 You see here a quivering blob corpse.
 There is a quivering blob corpse here; eat it? [ynq] (n) y
 Blecch!  Rotten food!
 Everything suddenly goes dark.
 You finish eating the quivering blob corpse.
 You can see again.
 You see here a scroll labeled GARVEN DEH.
 n - a scroll labeled GARVEN DEH.
 You hear some noises in the distance.
 In what direction? l
 You throw 4 daggers.
 The 1st dagger hits kodon!
 Kodon wakes up!
 Kodon groans!
 The 2nd dagger hits kodon!
 The 3rd dagger hits kodon!
 The 4th dagger hits kodon!
 In what direction? l
 The dagger hits kodon!
 In what direction? l
 You throw 4 daggers.
 The 1st dagger hits kodon.
 The 2nd dagger hits kodon!
 The 3rd dagger hits kodon!
 You destroy kodon!
 Autopickup: ON, for $!/( objects, with some exceptions.
 Autopickup: OFF.
 There are many objects here.
 p - a pair of old gloves.
 What do you want to take off? [zABCJ or ?*] ?
 Never mind.
 q - a pair of jungle boots.
 r - a piece of cloth.
 Really quit without saving? [yn] (n) y
 Do you want your possessions identified? [ynq] (y) q

Inventory:
 Coins    ('$')
  $ - 222 gold pieces
 Amulets  ('"')
  H - a blessed amulet of guarding (being worn)
 Weapons  (')')
  g - 3 +0 daggers (at the ready)
  O - a +0 dagger (weapon in right hand)
 Armor    ('[')
  C - a cursed -1 dwarvish iron helm (being worn)
  J - an uncursed +0 pair of leather gloves (being worn)
  p - a cursed +0 pair of leather gloves
  B - a blessed +0 pair of iron shoes (being worn)
  q - an uncursed +0 pair of jumping boots
  A - an uncursed +0 dwarvish roundshield (being worn)
  r - a cursed +0 cloak of magic resistance
  z - an uncursed +0 dwarvish cloak (being worn)
  Y - a cursed -1 mummy wrapping
  y - an uncursed +0 dwarvish mithril-coat (being worn)
 Scrolls  ('?')
  K - a blessed scroll of confuse monster
  S - an uncursed scroll of earth
  P - an uncursed scroll of enchant armor
  l - a blessed scroll of identify named ok
  n - an uncursed scroll of identify
  W - an uncursed scroll of light
  I - an uncursed scroll of remove curse
  a - a cursed scroll of remove curse named cursed
 Potions  ('!')
  c - a cursed potion of booze
  Z - an uncursed potion of hallucination
  M - 2 uncursed potions of healing
  h - an uncursed potion of see invisible
  E - an uncursed potion of sickness
  d - an uncursed potion of speed
 Rings    ('=')
  L - a cursed ring of shock resistance
 Wands    ('/')
  o - a wand of magic missile (0:3)
 Tools    ('(')
  f - an empty uncursed sack
  e - an uncursed lock pick
  x - an uncursed partly used tallow candle
  m - an uncursed towel
 Gems/Stones  ('*')
  v - 2 uncursed worthless pieces of black glass
  k - an uncursed worthless piece of yellowish brown glass
  V - an uncursed luckstone

Ch3Begorrah the Rogue's attributes:

Background:
 You were a Rogue, level 7 male human.
 You were chaotic, on a mission for Kos
 who was opposed by Issek (lawful) and Mog (neutral).
 You were right-handed.
 You were in the Dungeons of Doom, on level 10.
 You entered the dungeon 3301 turns ago.
 There was a full moon in effect when your adventure ended.
 You had 1138 experience points, 142 more were needed to attain level 8.

Basics:
 You had 51 out of 54 hit points.
 You had all 39 energy points (spell power).
 Your armor class was -4.
 Your wallet contained 222 zorkmids.
 Autopickup was off.

Final Characteristics:
 Your strength was 17 (limit:18/100).
 Your dexterity was 17 (limit:18).
 Your constitution was 13 (limit:18).
 Your intelligence was 11 (limit:18).
 Your wisdom was 13 (limit:18).
 Your charisma was 11 (limit:18).

Final Status:
 You weren't hungry.
 You were unencumbered.
 You were wielding a dagger.
 You had expert skill with dagger.

Final Attributes:
 You were piously aligned.
 Your items were somewhat protected from fire.
 Your items were somewhat protected from cold.
 You were stealthy.
 You had a small defense bonus (+2).
 You were protected.
 You were fast.
 You were lucky.
 You had extra luck.
 Bad luck did not time out for you.
 Good luck did not time out for you.
 You survived.

Miscellaneous:
 You encountered 1 bones level.
 Total elapsed playing time was 36 minutes and 41 seconds.

Major events:
 Turn
    1: Ch3Begorrah the chaotic male human Rogue entered the dungeon
  907: attained the rank of Cutpurse (level 3)
 1248: entered the Gnomish Mines
 1598: attained the rank of Rogue (level 6)
 3301: quit

You didn't know any spells.

Skills:
 Fighting Skills
   bare handed combat [Unskilled]
   two weapon combat  [Unskilled]
   riding             [Unskilled]
 Weapon Skills
   dagger             [Expert]
   knife              [Unskilled]
   short sword        [Basic]
   broadsword         [Unskilled]
   long sword         [Unskilled]
   two-handed sword   [Unskilled]
   saber              [Unskilled]
   club               [Unskilled]
   mace               [Unskilled]
   morning star       [Unskilled]
   flail              [Unskilled]
   hammer             [Unskilled]
   polearms           [Unskilled]
   spear              [Unskilled]
   crossbow           [Unskilled]
   dart               [Unskilled]
   shuriken           [Unskilled]
 Spellcasting Skills
   divination spells  [Unskilled]
   escape spells      [Unskilled]
   matter spells      [Unskilled]

Voluntary challenges:
 Character rerolling was not enabled.
 You followed a strict vegan diet.
 You never genocided any monsters.
 You never polymorphed an object.
 You never changed form.
 You used no wishes.
Achievements:
 You entered a shop.
 You attained the rank of Cutpurse.
 You entered the Gnomish Mines.
 You attained the rank of Rogue.
 You entered a temple.

 The Dungeons of Doom: levels 1 to 10
    Level 1:
       An altar.
    Level 2:
       A potion shop, a fountain, a sink.
    Level 3:
    Level 4:
       A fountain.
       Stairs down to The Gnomish Mines.
    Level 5:
    Level 6:
       A sink.
    Level 7:
    Level 8:
       Many fountains.
       Oracle of Delphi.
    Level 9:
       A temple and an altar, a fountain.
    Level 10: <- You were here.
       Final resting place for
          kodon-Wiz-Elf-Mal-Cha, killed by a giant zombie.
 The Gnomish Mines: levels 5 to 6
    Level 5:
    Level 6:


Vanquished creatures:
  a troll
  a large dog
  2 ettin zombies
  a giant beetle
  2 quivering blobs
  a panther
  a giant spider
  a gnome ruler
  a dwarf mummy
  a lizard
  3 dingoes
  a dog
  5 human zombies
  a wood nymph
  4 Uruk-hai
 an orc shaman
  a rock piercer
  3 ponies
  2 gnome leaders
  9 elf zombies
  a straw golem
  a floating eye
  a dwarf
  a homunculus
  a monkey
 10 orc zombies
  7 dwarf zombies
  3 iguanas
  2 acid blobs
  2 coyotes
  a hobbit
  a large kobold
  a hobgoblin
  2 cave spiders
  4 gnomes
  6 gnome zombies
  2 geckos
  9 jackals
  a kobold
  2 goblins
  a sewer rat
  5 grid bugs
  a bat
  4 lichens
  6 kobold zombies
 11 newts
128 creatures vanquished.

No species were genocided or became extinct.

Goodbye Ch3Begorrah the Rogue...

You quit in The Dungeons of Doom on dungeon level 10 with 5284 points,
and 222 pieces of gold, after 3301 moves.
You were level 7 with a maximum of 54 hit points when you quit.

